[Event "Late-Titled-Tuesday-Blitz-October-10-2023"]
[Site "Chess.com"]
[Date "2023.10.10"]
[Round "8"]
[White "EsmeraldasAnderson03"]
[Black "Mikhal867"]
[Result "0-1"]
[WhiteElo "2420"]
[BlackElo "2468"]
[TimeControl "180+1"]
[EndTime "15:19:14 PDT"]
[Termination "Mikhal867 won by resignation"]

1. d4 Nf6 2. c4 g6 3. Nc3 Bg7 4.
e4 O-O 5. Nf3 d6 6. Be2 e5 7. d5 a5 8. O-O Na6 9. a3 Nc5 10. Qc2 a4 11. Be3 Nb3 12. Rae1 Bd7 13. Nd2 Nd4 14. Qd3 Ng4 15. Bxd4 exd4 16. Bxg4 dxc3 17.
Bxd7 cxd2 18. Qxd2 Qxd7 19. f4 Rfe8 20. h3 b5 21. cxb5 Qxb5 22. Re2 Rab8 23. e5 dxe5 24. fxe5 Rxe5 25. Rxe5 Bxe5 26. Qf2 Qb6 0-1

[Event "Late-Titled-Tuesday-Blitz-October-10-2023"]
[Site "Chess.com"]
[Date "2023.10.10"]
[Round "8"]
[White "TanitoluwaAps116"]
[Black "Sulthankan"]
[Result "1-0"]
[WhiteElo "2672"]
[BlackElo "2364"]
[TimeControl "180+1"]
[EndTime "15:19:22 PDT"]
[Termination "TanitoluwaAps116 won by resignation"]

1. e4 c5 2. Nf3 d6 3. Bb5+ Bd7 4. Bxd7+ Nxd7 5. O-O Ngf6 6. Qe2 e6 7. d4 cxd4 8.
Nxd4 Be7 9. c4 O-O 10. b3 a6 11. Bb2 Rc8 12. Nc3 Re8 13. Rac1 Qc7 14. Kh1 Qb8 15. f4 Bf8 16. g4 e5 17. Nf5 exf4 18. g5 Nxe4 19. Nxe4 Nc5 20. Nf6+ gxf6 21. Qg4 b5 22.
gxf6+ Kh8 23. Qg7+ 1-0

[Event "Late-Titled-Tuesday-Blitz-October-10-2023"]
[Site "Chess.com"]
[Date "2023.10.10"]
[Round "8"]
[White "THE_PLAYER6"]
[Black "Arystanner"]
[Result "1-0"]
[WhiteElo "2669"]
[BlackElo "2804"]
[TimeControl "180+1"]
[EndTime "15:19:23 PDT"]
[Termination "THE_PLAYER6 won by resignation"]

1. c4 e6 2. Nf3 d5 3. g3 Nf6 4.
Bg2 Nbd7 5. O-O dxc4 6. Qc2 a6 7. Qxc4 b5 8. Qc2 Bb7 9. a4 c5 10. d3 Rc8 11. axb5 axb5 12. Nc3 Qb6 13. Bf4 Be7 14. Qb3 Nd5 15. Nxb5 Nxf4 16. gxf4 Bc6 17. Ne5 Nxe5 18.
Nd6+ Bxd6 19. Qxb6 Bxg2 20. Qxd6 Bxf1 21. fxe5 1-0

[Event "Late-Titled-Tuesday-Blitz-October-10-2023"]
[Site "Chess.com"]
[Date "2023.10.10"]
[Round "8"]
[White "ozates"]
[Black "Alexander_Donchenko"]
[Result "1-0"]
[WhiteElo "2789"]
[BlackElo "2867"]
[TimeControl "180+1"]
[EndTime "15:19:32 PDT"]
[Termination "ozates won by resignation"]

1. e4 c5 2. Nf3 d6 3. Bb5+ Bd7 4. Bxd7+ Nxd7 5. O-O e6 6. Qe2 Be7 7. d4 cxd4 8. Nxd4 Ngf6 9. c4 O-O 10. Nc3 Rc8 11.
b3 Qa5 12. Bb2 Qh5 13. Qxh5 Nxh5 14. g3 a6 15. Rad1 Rfd8 16. Kg2 Nhf6 17. f4 Nc5 18. Kf3 h5 19. h3 g6 20. g4 hxg4+ 21. hxg4 e5 22.
Nde2 Ne6 23. Nd5 Nxd5 24. exd5 Nxf4 25. Nxf4 exf4 26. Rh1 f6 27. Rde1 Re8 28. g5 Bf8 29.
Rxe8 Rxe8 30. gxf6 b5 31. Rh8+ Kf7 32. Rh7+ Kg8 33.
f7+ 1-0

[Event "Late-Titled-Tuesday-Blitz-October-10-2023"]
[Site "Chess.com"]
[Date "2023.10.10"]
[Round "8"]
[White "schondeln"]
[Black "Szczor"]
[Result "0-1"]
[WhiteElo "2382"]
[BlackElo "2602"]
[TimeControl "180+1"]
[EndTime "15:20:18 PDT"]
[Termination "Szczor won by checkmate"]

1. e4 c5 2. Nf3 d6 3. Bc4 e6 4.
O-O a6 5. Bb3 b5 6. c3 Bb7 7. Re1 Ne7 8. d4 Nd7 9. Nbd2 g6 10. Nf1 Bg7 11. Ng3 O-O 12. Be3 e5 13. a4 exd4 14. cxd4 Nc6 15. axb5 axb5 16. Rxa8 Qxa8 17.
Bd5 c4 18. Bxc6 Bxc6 19. d5 Bb7 20. Bd4 Nc5 21. Bxg7 Kxg7 22. Qd4+ f6 23. Ng5 Re8 24. f3 h6 25. Nh3 Nd3 26. Re2 Qa1+ 27. Nf1 Ra8 28. Nf2 Qxf1+ 29. Kxf1 Ra1+ 30. Nd1 Rxd1+ 31. Re1 Rxe1# 0-1

[Event "Late-Titled-Tuesday-Blitz-October-10-2023"]
[Site "Chess.com"]
[Date "2023.10.10"]
[Round "8"]
[White "Pomberito2"]
[Black "PawnEatingZombie"]
[Result "1-0"]
[WhiteElo "2472"]
[BlackElo "2204"]
[TimeControl "180+1"]
[EndTime "15:20:21 PDT"]
[Termination "Pomberito2 won by resignation"]

1. d4 Nf6 2. Nf3 g6 3. Bg5 Bg7 4. e3 d5 5. Nbd2 O-O 6. Bd3 c5 7. c3 Nc6 8. Qe2 cxd4 9. exd4 Bf5 10. Bxf5 gxf5 11. Bxf6 Bxf6 12. Ne5 Nxe5 13. dxe5 Bg7 14. f4 e6 15. Nf3 Kh8 16. O-O-O Qb6 17. Kb1 a5 18.
Ng5 Kg8 19. g4 fxg4 20. Qc2 f5 21. exf6 Rxf6 22. Qxh7+ Kf8 23. Rhe1 Re8 24. Qh5 Rxf4 25. Nh7+ Ke7 26. Qg5+ Rf6 27. Qxg7+ Rf7 28. Qg5+ Kd7 29. Nf6+ Kc8 30. Nxe8 Rf2 31. Rd2 1-0

[Event "Late-Titled-Tuesday-Blitz-October-10-2023"]
[Site "Chess.com"]
[Date "2023.10.10"]
[Round "8"]
[White "EfrenRamos1"]
[Black "OLDTERMINATOR"]
[Result "1-0"]
[WhiteElo "2380"]
[BlackElo "1606"]
[TimeControl "180+1"]
[EndTime "15:20:32 PDT"]
[Termination "EfrenRamos1 won on time"]

1. e4 e6 2. d4 d5 3. Bd3 dxe4 4. Bxe4 Nf6 5. Bf3 c5 6. Ne2 Nc6 7. c3 Qc7 8. O-O Bd6 9. g3 O-O 10. Na3 a6 11. Nc4 cxd4 12. Nxd6 Qxd6 13. cxd4 Nd5 14.
a3 b5 15. Nc3 Nce7 16. Ne4 Qb6 17. Qd3 h6 18. Bd2 Bb7 19. Nc5 Rac8 20. Nd7 1-0

[Event "Late-Titled-Tuesday-Blitz-October-10-2023"]
[Site "Chess.com"]
[Date "2023.10.10"]
[Round "8"]
[White "Alina_Gumerovna"]
[Black "flukeyNZ"]
[Result "0-1"]
[WhiteElo "2121"]
[BlackElo "2246"]
[TimeControl "180+1"]
[EndTime "15:20:34 PDT"]
[Termination "flukeyNZ won by checkmate"]

1. e4 e6 2. d4 d5 3. Nd2 c5 4. c3 Nc6 5. Ngf3 Nf6 6. e5 Nd7 7.
Nb3 Be7 8. Bb5 O-O 9. O-O a6 10.
Bxc6 bxc6 11. Bf4 Rb8 12. Qe2 c4 13. Nc1 Qb6 14. Rb1 c5 15. Qd2 cxd4 16. Nxd4 Nc5 17. f3 f5 18. b4 cxb3 19. axb3 a5 20. Kh1 Qa6 21. Bg5 Qxf1# 0-1

[Event "Late-Titled-Tuesday-Blitz-October-10-2023"]
[Site "Chess.com"]
[Date "2023.10.10"]
[Round "8"]
[White "AsadliVugar"]
[Black "GHANDEEVAM2003"]
[Result "0-1"]
[WhiteElo "2862"]
[BlackElo "3040"]
[TimeControl "180+1"]
[EndTime "15:20:39 PDT"]
[Termination "GHANDEEVAM2003 won by resignation"]

1. e4 c6 2. Nf3 d5 3. e5 Bg4 4. Be2 e6 5. O-O c5 6. c4 dxc4 7.
Na3 Nc6 8. Nxc4 h5 9. d4 cxd4 10. Bg5 Qd5 11. Rc1 f6 12. h3 d3 13. hxg4 dxe2 14.
Qxe2 hxg4 15. Rfd1 gxf3 16. gxf3 Nd4 17. Rxd4 Qxd4 18.
exf6 gxf6 19. Qxe6+ Be7 20. Re1 Rd8 21. Bd2 Qh4 0-1

[Event "Late-Titled-Tuesday-Blitz-October-10-2023"]
[Site "Chess.com"]
[Date "2023.10.10"]
[Round "8"]
[White "GM_dmitrij"]
[Black "Iball95"]
[Result "0-1"]
[WhiteElo "2991"]
[BlackElo "2849"]
[TimeControl "180+1"]
[EndTime "15:20:40 PDT"]
[Termination "Iball95 won by resignation"]

1. d4 d5 2. c4 e6 3. Nc3 c5 4. cxd5 cxd4 5. Qa4+ Bd7 6. Qxd4 exd5 7. Nf3 Nf6 8. Bg5 Be7 9. e3 Nc6 10. Qd3 O-O 11. Be2 Be6 12. Rd1 h6 13. Bh4 Qb6 14. Qb5 g5 15. Bg3 Ne4 16. O-O Nxc3 17.
bxc3 Qxb5 18. Bxb5 Rfc8 19. h3 Bf6 20. Nd4 Nxd4 21.
cxd4 a6 22. Bd3 b5 23. Bd6 Ra7 24. g4 Be7 25. Bxe7 Rxe7 26. a4 bxa4 27. Ra1 Rc3 28.
Be2 a3 29. Ra2 Rb7 30. Rfa1 Rb2 31. Kf1 Rcc2 0-1

[Event "Late-Titled-Tuesday-Blitz-October-10-2023"]
[Site "Chess.com"]
[Date "2023.10.10"]
[Round "8"]
[White "AlivodicDario"]
[Black "CraiggoryC"]
[Result "1-0"]
[WhiteElo "2454"]
[BlackElo "2270"]
[TimeControl "180+1"]
[EndTime "15:20:40 PDT"]
[Termination "AlivodicDario won by checkmate"]

1. e4 e6 2. d4 d5 3. exd5 exd5 4. Nf3 Bd6 5. c4 Nf6 6. Nc3 O-O 7. Be2 dxc4 8. O-O Nc6 9. Bg5 h6 10. Bh4 Bg4 11. h3 Bxf3 12. Bxf3 Nxd4 13. Nd5 Nf5 14.
Bxf6 gxf6 15. Be4 Ng7 16. Qf3 f5 17. Bxf5 c6 18. Nf6+ Kh8 19. Bc2 Ne6 20. Qf5 Kg7 21. Nh5+ Kg8 22. Qh7# 1-0

[Event "Late-Titled-Tuesday-Blitz-October-10-2023"]
[Site "Chess.com"]
[Date "2023.10.10"]
[Round "8"]
[White "howitzer14"]
[Black "isainz"]
[Result "1-0"]
[WhiteElo "2972"]
[BlackElo "2025"]
[TimeControl "180+1"]
[EndTime "15:20:44 PDT"]
[Termination "howitzer14 won by resignation"]

1. d4 d5 2. Bf4 c5 3. e3 Nc6 4. c3 Nf6 5. Nd2 Bf5 6. Ngf3 e6 7. Bb5 Nd7 8. O-O Qb6 9. c4 cxd4 10. Nxd4 Nxd4 11. exd4 Qxd4 12. Be3 Qe5 13. Bxd7+ Kxd7 14. Nf3 Qd6 15. cxd5 Qxd5 16. Qa4+ b5 17. Qa6 Bd6 18.
Rfd1 Qc6 19. Ne5+ 1-0

[Event "Late-Titled-Tuesday-Blitz-October-10-2023"]
[Site "Chess.com"]
[Date "2023.10.10"]
[Round "8"]
[White "Thormento16"]
[Black "Semetey"]
[Result "1-0"]
[WhiteElo "2316"]
[BlackElo "2540"]
[TimeControl "180+1"]
[EndTime "15:20:46 PDT"]
[Termination "Thormento16 won by resignation"]

1. e4 c5 2. Nf3 Nc6 3. Bb5 g6 4. Bxc6 bxc6 5. O-O Bg7 6. Re1 d6 7. c3 e5 8. d4 cxd4 9. cxd4 exd4 10. Nxd4 Ne7 11.
Bg5 Bb7 12. Nc3 O-O 13. Rc1 Re8 14. h4 h6 15. Be3 Kh7 16. h5 Ng8 17. hxg6+ fxg6 18. Qf3 Nf6 19. Rcd1 c5 20. Ndb5 Nxe4 21. Bf4 a6 22.
Nxe4 Rxe4 23. Rxe4 Bxe4 24. Qxe4 axb5 25. Rxd6 Qe8 26.
Re6 Qf7 27. Re7 Qxa2 28. Be5 Rg8 29. Qb7 Qb1+ 30. Kh2 Qf5 31. Rxg7+ 1-0

[Event "Late-Titled-Tuesday-Blitz-October-10-2023"]
[Site "Chess.com"]
[Date "2023.10.10"]
[Round "8"]
[White "filipluczak05"]
[Black "tjallkompall"]
[Result "1-0"]
[WhiteElo "2626"]
[BlackElo "2745"]
[TimeControl "180+1"]
[EndTime "15:20:47 PDT"]
[Termination "filipluczak05 won on time"]

1. d4 Nf6 2. Nc3 d5 3. Bf4 e6 4. e3 Bb4 5. Bd3 c5 6. dxc5 Qa5 7. Ne2 Nc6 8. O-O O-O 9. Bd6 Rd8 10. a3 Bxc3 11.
Nxc3 Re8 12. b4 Qd8 13. Nb5 Re7 14. Bxe7 Qxe7 15. Nd6 Ne5 16. f4 Nc6 17. c4 b6 18.
cxd5 Nxd5 19. Qf3 bxc5 20. bxc5 Bd7 21. Be4 Rb8 22. Rab1 Rxb1 23. Rxb1 g6 24. Rb7 Qd8 25. Bxd5 exd5 26. Qxd5 Qe7 27. Qxf7+ Qxf7 28. Nxf7 1-0

[Event "Late-Titled-Tuesday-Blitz-October-10-2023"]
[Site "Chess.com"]
[Date "2023.10.10"]
[Round "8"]
[White "azikom"]
[Black "Schwindle"]
[Result "1-0"]
[WhiteElo "2613"]
[BlackElo "2408"]
[TimeControl "180+1"]
[EndTime "15:20:54 PDT"]
[Termination "azikom won by resignation"]

1. c4 Nf6 2. Nc3 c6 3. e4 d6 4.
d4 g6 5. f4 Bg7 6. Nf3 O-O 7.
Be2 a6 8. a4 c5 9. d5 e6 10. O-O exd5 11. cxd5 Nbd7 12. a5 Re8 13. Nd2 b5 14. axb6 Nxb6 15. Kh1 Bd7 16. h3 Re7 17.
Qc2 Qe8 18. Rxa6 Rxa6 19. Bxa6 Nh5 20. Kh2 f5 21. Bd3 c4 22. Nxc4 fxe4 23. Nxe4 Nxc4 24. Qxc4 Rxe4 25. Qxe4 1-0

[Event "Late-Titled-Tuesday-Blitz-October-10-2023"]
[Site "Chess.com"]
[Date "2023.10.10"]
[Round "8"]
[White "Atanejhad"]
[Black "arminmusovic"]
[Result "1-0"]
[WhiteElo "2401"]
[BlackElo "2487"]
[TimeControl "180+1"]
[EndTime "15:20:55 PDT"]
[Termination "Atanejhad won by resignation"]

1. d4 d5 2. c4 c5 3. dxc5 e6 4. cxd5 Bxc5 5. Nc3 Nf6 6. e4 exd5 7. e5 Ng4 8. Bb5+ Nc6 9. Nh3 O-O 10. Qxd5 Qb6 11. O-O Ngxe5 12. Nf4 Rd8 13. Qe4 Rd4 14. Qe1 Bg4 15. h3 Bf3 16. Bxc6 Nxc6 17. gxf3 Rd6 18. Ne4 Rh6 19. Nd5 Rg6+ 20. Kh1 Rd8 21. Nxb6 Rg1+ 1-0

[Event "Late-Titled-Tuesday-Blitz-October-10-2023"]
[Site "Chess.com"]
[Date "2023.10.10"]
[Round "8"]
[White "ChristopherYoo"]
[Black "rezamahdavi2008"]
[Result "1-0"]
[WhiteElo "3025"]
[BlackElo "2865"]
[TimeControl "180+1"]
[EndTime "15:21:00 PDT"]
[Termination "ChristopherYoo won by resignation"]

1. d4 Nf6 2. c4 e6 3. Nc3 Bb4 4. e3 O-O 5. Bd2 c5 6. a3 Bxc3 7.
Bxc3 Ne4 8. Rc1 d6 9. Bd3 Nxc3 10. Rxc3 Qe7 11. Ne2 e5 12. dxc5 dxc5 13. Be4 Rd8 14. Qc2 g6 15. O-O Nd7 16. Bd5 Nf6 17. e4 Nxd5 18.
cxd5 b6 19. Rd1 Ba6 20. Ng3 h5 21. h3 h4 22. Nf1 Bxf1 23. Rxf1 Rd6 24. b4 cxb4 25.
axb4 Rf6 26. b5 Rf4 27. Rc7 Qb4 28. Qc6 Rd8 29. Rxa7 Rxe4 30. Qxb6 Rxd5 31. Qb7 1-0

[Event "Late-Titled-Tuesday-Blitz-October-10-2023"]
[Site "Chess.com"]
[Date "2023.10.10"]
[Round "8"]
[White "Walter_White_Poland"]
[Black "KorolDimitriy75"]
[Result "1-0"]
[WhiteElo "2341"]
[BlackElo "2398"]
[TimeControl "180+1"]
[EndTime "15:21:15 PDT"]
[Termination "Walter_White_Poland won on time"]

1. Nf3 c5 2. c4 g6 3. g3 Bg7 4. Bg2 Nc6 5. O-O Nh6 6. d4 cxd4 7. e3 dxe3 8. Bxe3 Nf5 9. Bc1 O-O 10. Nc3 d6 11.
Re1 Be6 12. Nd5 Na5 13. Bg5 h6 14. g4 Bxd5 15. Qxd5 hxg5 16. gxf5 g4 17. Ng5 e6 18. fxe6 fxe6 19. Qxe6+ Kh8 20. Qxg6 1-0

[Event "Late-Titled-Tuesday-Blitz-October-10-2023"]
[Site "Chess.com"]
[Date "2023.10.10"]
[Round "8"]
[White "Msb2"]
[Black "KaydenTroffChess"]
[Result "1-0"]
[WhiteElo "3049"]
[BlackElo "2820"]
[TimeControl "180+1"]
[EndTime "15:21:16 PDT"]
[Termination "Msb2 won on time"]

1. d4 Nf6 2. c4 g6 3. Nc3 d5 4. cxd5 Nxd5 5. e4 Nxc3 6. bxc3 Bg7 7. Nf3 c5 8. Bb5+ Nc6 9. O-O O-O 10. Bxc6 bxc6 11.
Qc2 Rb8 12. Ne5 Rb6 13. Rd1 Ra6 14. a4 Be6 15. Ba3 cxd4 16. cxd4 Bxe5 17. dxe5 Qc7 18. f4 Rb8 19. Bc5 Bb3 20. Qd3 Ra5 21. Rdc1 Rxa4 22.
Rab1 Be6 23. Rxb8+ Qxb8 24. Bxe7 h5 25. Rd1 Kh7 26.
h3 Ra2 27. Qg3 Qb3 28. Qxb3 Bxb3 29. Rd8 g5 30. f5 g4 31. Bf6 Ra1+ 32. Kh2 1-0

[Event "Late-Titled-Tuesday-Blitz-October-10-2023"]
[Site "Chess.com"]
[Date "2023.10.10"]
[Round "8"]
[White "AlexandraBotez"]
[Black "cthulhuuu"]
[Result "0-1"]
[WhiteElo "2297"]
[BlackElo "2473"]
[TimeControl "180+1"]
[EndTime "15:21:20 PDT"]
[Termination "cthulhuuu won by resignation"]

1. d4 Nf6 2. Bf4 g6 3. Nf3 Bg7 4. Nc3 d5 5. Qd2 Ne4 6. Nxe4 dxe4 7. Ne5 O-O 8. e3 c5 9. c3 cxd4 10. cxd4 f6 11. Bc4+ e6 12. Ng4 h5 13. h3 hxg4 14. hxg4 Nc6 15. f3 exf3 16. gxf3 Qa5 17. O-O-O Qxd2+ 18. Rxd2 Na5 19. Bb5 a6 20. Ba4 b5 21.
Bc2 Kf7 22. d5 e5 23. Bg3 Nc4 24. Re2 Bd7 25. b3 Nd6 26. Kb1 b4 27. Bd3 Bb5 28.
Bxb5 Nxb5 29. Rd2 f5 30. gxf5 gxf5 31. e4 f4 32. Bf2 Rh8 33. Rg1 Rh2 34. Rc2 Na3+ 35.
Kb2 Nxc2 0-1

[Event "Late-Titled-Tuesday-Blitz-October-10-2023"]
[Site "Chess.com"]
[Date "2023.10.10"]
[Round "8"]
[White "Roberz12"]
[Black "GMG"]
[Result "1-0"]
[WhiteElo "2495"]
[BlackElo "2708"]
[TimeControl "180+1"]
[EndTime "15:21:23 PDT"]
[Termination "Roberz12 won by resignation"]

1. d4 f5 2. Bg5 c6 3. e3 Qb6 4.
Nd2 Qxb2 5. Bd3 d6 6. Ngf3 Qc3 7. O-O h6 8. Bf4 g5 9. Bg3 Nf6 10. Rb1 Bg7 11. Nc4 b5 12. Rb3 Qxc4 13. Bxc4 bxc4 14. Rb1 Nbd7 15. h4 Ne4 16. Nd2 Nxg3 17. fxg3 Nf6 18. Nxc4 O-O 19. hxg5 hxg5 20. Nd2 Ng4 21. Qf3 d5 22. c4 e6 23. cxd5 cxd5 24. Rfc1 Ba6 25.
Rc6 Bd3 26. Rb7 Rac8 27. Rcc7 Rxc7 28. Rxc7 Rb8 29. Qd1 Nxe3 30. Qa4 Bf8 31. Qd7 1-0

[Event "Late-Titled-Tuesday-Blitz-October-10-2023"]
[Site "Chess.com"]
[Date "2023.10.10"]
[Round "8"]
[White "Lion-Al-Messi"]
[Black "rdarruda"]
[Result "1-0"]
[WhiteElo "2629"]
[BlackElo "2505"]
[TimeControl "180+1"]
[EndTime "15:21:24 PDT"]
[Termination "Lion-Al-Messi won by resignation"]

1. e4 c5 2. Nf3 Nc6 3. d4 cxd4 4. Nxd4 e5 5. Nb5 a6 6. Nd6+ Bxd6 7. Qxd6 Qe7 8.
Qxe7+ Ngxe7 9. Nc3 Nb4 10. Bd3 d5 11. exd5 Bf5 12. Bxf5 Nxf5 13. O-O O-O-O 14. Be3 Nxd5 15. Nxd5 Rxd5 16. c4 Rd3 17. Bb6 Re8 18. Rad1 e4 19. h3 Re6 20. c5 Nd4 21. Kh2 Rxd1 22. Rxd1 Nc6 23. b4 Re7 24. a3 f5 25. Kg3 Rd7 26. Re1 Rd3+ 27. Kf4 g6 28. f3 exf3 29. gxf3 Nd4 30.
Re7 Rxf3+ 31. Kg5 Rxh3 32. Re8+ Kd7 33. Rd8+ Ke6 34. Rxd4 Rxa3 35. Rd6+ Ke7 36. Bd8+ Ke8 37. Kf6 Re3 38. Bb6 Kf8 39. Bc7 f4 40. Rd8+ Re8 41. Bd6+ 1-0

[Event "Late-Titled-Tuesday-Blitz-October-10-2023"]
[Site "Chess.com"]
[Date "2023.10.10"]
[Round "8"]
[White "DonJuanEGenaro"]
[Black "Nekoo04"]
[Result "0-1"]
[WhiteElo "1923"]
[BlackElo "2270"]
[TimeControl "180+1"]
[EndTime "15:21:24 PDT"]
[Termination "Nekoo04 won by resignation"]

1. e4 c5 2. c3 d5 3. exd5 Qxd5 4.
d4 Nf6 5. Nf3 e6 6. Be2 Nc6 7. Na3 cxd4 8. Nb5 Qd8 9. Nfxd4 Nxd4 10.
Qxd4 Qxd4 11. cxd4 Bb4+ 12. Bd2 Bxd2+ 13. Kxd2 O-O 14. Bf3 Rd8 15. Ke3 a6 16. Nc3 Rb8 17. Na4 Bd7 18. Nc5 Bc6 19. Bxc6 bxc6 20. b3 Ng4+ 21.
Ke4 Nxf2+ 22. Ke3 Nxh1 23. Rxh1 a5 24. Rc1 Rb4 25. Rd1 e5 26. a3 Rbxd4 27. Rc1 g5 28. Rc3 Kg7 29. Nd3 Rxd3+ 30. Rxd3 Rxd3+ 31. Kxd3 f5 32. b4 axb4 33. a4 e4+ 34. Kc4 e3 35. Kd3 b3 0-1

[Event "Late-Titled-Tuesday-Blitz-October-10-2023"]
[Site "Chess.com"]
[Date "2023.10.10"]
[Round "8"]
[White "Byniolus"]
[Black "StarkyNZ"]
[Result "0-1"]
[WhiteElo "2706"]
[BlackElo "2384"]
[TimeControl "180+1"]
[EndTime "15:21:25 PDT"]
[Termination "StarkyNZ won by resignation"]

1. d4 Nf6 2. Nf3 e6 3. Bf4 b6 4.
e3 Bb7 5. h3 g6 6. Nbd2 Bg7 7. Bd3 d5 8. O-O O-O 9. c4 Nbd7 10. Rc1 c5 11. Qe2 Re8 12. Ne5 Nxe5 13. Bxe5 Rc8 14. Rfd1 cxd4 15. exd4 Nd7 16. Bxg7 Kxg7 17.
Qe3 Qf6 18. b4 e5 19. c5 exd4 20. Qf3 bxc5 21. Qxf6+ Kxf6 22. Bb5 Bc6 23. Bxc6 Rxc6 24. Nb3 c4 25. Rxd4 Rce6 26. Na5 Re1+ 27. Rxe1 Rxe1+ 28. Kh2 Nb6 29. Nc6 c3 30. Rf4+ Kg7 31. Nd4 Rd1 32. Nb3 c2 0-1

[Event "Late-Titled-Tuesday-Blitz-October-10-2023"]
[Site "Chess.com"]
[Date "2023.10.10"]
[Round "8"]
[White "Langua_Chess"]
[Black "FM_Kappeler"]
[Result "1-0"]
[WhiteElo "2476"]
[BlackElo "2310"]
[TimeControl "180+1"]
[EndTime "15:21:40 PDT"]
[Termination "Langua_Chess won by resignation"]

1. e4 c5 2. Nf3 e6 3. d4 cxd4 4.
Nxd4 Nf6 5. Nc3 d6 6. Be3 Nc6 7. Be2 Be7 8. O-O O-O 9. h3 Qc7 10. Nb3 a6 11. a4 b6 12. f4 Bb7 13. Bf3 Rac8 14. Kh1 Nb4 15. Qd2 d5 16. e5 Ne4 17.
Bxe4 dxe4 18. Qf2 Rfd8 19. Bxb6 e3 20. Bxc7 exf2 21. Bxd8 Rxd8 22. Rxf2 Bh4 23. Rd2 Rxd2 24. Nxd2 Nxc2 25. Rc1 Ne3 26. Nf3 Bg3 27. Ne2 Bf2 28. Rc7 1-0

[Event "Late-Titled-Tuesday-Blitz-October-10-2023"]
[Site "Chess.com"]
[Date "2023.10.10"]
[Round "8"]
[White "chessisveryfun1264"]
[Black "Levanzovsky"]
[Result "0-1"]
[WhiteElo "2577"]
[BlackElo "2457"]
[TimeControl "180+1"]
[EndTime "15:21:44 PDT"]
[Termination "Levanzovsky won by resignation"]

1. Nf3 Nf6 2. g3 e6 3. Bg2 d5 4. O-O Be7 5. c4 O-O 6. b3 c5 7. cxd5 exd5 8. d4 b6 9. Bb2 Nc6 10. Nc3 Bb7 11. dxc5 bxc5 12. Rc1 Rc8 13. Qc2 d4 14. Rfd1 Qa5 15. Na4 Nb4 16. Qb1 Bc6 17. a3 Nbd5 18. Nxc5 Bxc5 19. b4 Nxb4 20. axb4 Qxb4 21.
Bxd4 Qxb1 22. Rxb1 Bxd4 23. Nxd4 Bxg2 24. Kxg2 Rc7 25.
Ra1 g6 26. Nb5 Re7 27. Kf1 Ra8 28. Ra6 Ne4 29. Rda1 Nd2+ 30. Ke1 Nf3+ 31. Kf1 Nd2+ 32. Kg2 Rxe2 33. R1a2 Rae8 34. Nc7 R8e5 35. Rxa7 Rf5 36. Ra8+ Kg7 37. Ne8+ Kh6 38. Nd6 Rfxf2+ 39. Kh3 f5 40. Nf7+ Kh5 0-1

[Event "Late-Titled-Tuesday-Blitz-October-10-2023"]
[Site "Chess.com"]
[Date "2023.10.10"]
[Round "8"]
[White "BulteniBo"]
[Black "ItalianMachine"]
[Result "0-1"]
[WhiteElo "2523"]
[BlackElo "2426"]
[TimeControl "180+1"]
[EndTime "15:21:50 PDT"]
[Termination "ItalianMachine won by resignation"]

1. Nf3 Nf6 2. g3 d5 3. Bg2 c5 4. O-O Nc6 5. b3 e5 6. Bb2 Bd6 7. c4 d4 8. e3 O-O 9. exd4 exd4 10. d3 Bf5 11. a3 Qd7 12. Qc2 Rae8 13. Nbd2 Bh3 14. Rfe1 Bxg2 15. Kxg2 h6 16. Ne4 Nxe4 17. dxe4 Re7 18. Rad1 a5 19. Nd2 Ne5 20. f4 Ng4 21. Nf1 Qc6 22. h3 Nf6 23. Nd2 Rfe8 24. Kh2 Nxe4 25. Nf3 Nc3 26. Rxe7 Rxe7 27. Bxc3 Qxf3 0-1

[Event "Late-Titled-Tuesday-Blitz-October-10-2023"]
[Site "Chess.com"]
[Date "2023.10.10"]
[Round "8"]
[White "Defenstrator"]
[Black "Zq1"]
[Result "0-1"]
[WhiteElo "2402"]
[BlackElo "2555"]
[TimeControl "180+1"]
[EndTime "15:21:53 PDT"]
[Termination "Zq1 won by resignation"]

1. e4 c5 2. d4 cxd4 3. Ne2 Nc6 4.
Nxd4 Nf6 5. Nc3 d6 6. Nd5 e6 7. Nxf6+ gxf6 8. Be2 a6 9. Be3 Bg7 10. O-O O-O 11. f4 d5 12. Bf3 Nxd4 13. Bxd4 dxe4 14. Bxe4 f5 15. Bxg7 Kxg7 16. Bd3 Qb6+ 17. Kh1 Qxb2 18.
Rf3 b5 19. Rb1 Qd4 20. Rh3 Qf6 21. Qh5 h6 22. g4 Bb7+ 23. Kg1 fxg4 24. Qxg4+ Kh8 25.
Qh5 Rg8+ 26. Kf2 Qxf4+ 27. Ke2 Rg2+ 0-1

[Event "Late-Titled-Tuesday-Blitz-October-10-2023"]
[Site "Chess.com"]
[Date "2023.10.10"]
[Round "8"]
[White "midedu"]
[Black "Mikhail_Golubev"]
[Result "0-1"]
[WhiteElo "2092"]
[BlackElo "2580"]
[TimeControl "180+1"]
[EndTime "15:22:00 PDT"]
[Termination "Mikhail_Golubev won by resignation"]

1. e4 c5 2. Nc3 a6 3. g3 Nc6 4.
Bg2 e6 5. Nge2 b5 6. O-O Bb7 7. d3 Qc7 8. h3 Nf6 9. f4 b4 10. Nb1 d5 11. Nd2 dxe4 12. dxe4 Rd8 13. c3 Be7 14. g4 O-O 15. Ng3 Rd3 16. Kh2 g5 17. Qe2 Rfd8 18. Nc4 bxc3 19. bxc3 Rxc3 20. e5 Nd4 21. Qb2 Rc2 22. Qxc2 Nxc2 23. Rb1 Bxg2 24. Kxg2 Qc6+ 25. Kh2 Ne4 26. Nh5 Qa4 0-1

[Event "Late-Titled-Tuesday-Blitz-October-10-2023"]
[Site "Chess.com"]
[Date "2023.10.10"]
[Round "8"]
[White "Krakozia"]
[Black "Aygehovit1992"]
[Result "1-0"]
[WhiteElo "2978"]
[BlackElo "2687"]
[TimeControl "180+1"]
[EndTime "15:22:01 PDT"]
[Termination "Krakozia won on time"]

1. e4 c5 2. Nf3 d6 3. Nc3 Nf6 4. d4 cxd4 5. Qxd4 Nc6 6. Bb5 Bd7 7. Qd3 g6 8. Bg5 Bg7 9. O-O-O O-O 10. e5 Ne8 11. exd6 Nxd6 12. Nd5 Nf5 13. Qa3 f6 14. Be3 Nxe3 15. Qxe3 e5 16. Kb1 Kh8 17. h4 h5 18. Bd3 Bf5 19. Bxf5 gxf5 20. Qe2 Rc8 21. Ne3 Qa5 22. Ng5 fxg5 23. hxg5 Rf7 24. g6 Rf6 25. Qxh5+ Kg8 26. Rd7 Nb4 27. Qh7+ 1-0

[Event "Late-Titled-Tuesday-Blitz-October-10-2023"]
[Site "Chess.com"]
[Date "2023.10.10"]
[Round "8"]
[White "GMJustin"]
[Black "SanchezKelvin"]
[Result "0-1"]
[WhiteElo "2188"]
[BlackElo "2576"]
[TimeControl "180+1"]
[EndTime "15:22:06 PDT"]
[Termination "SanchezKelvin won on time"]

1. d4 Nf6 2. c4 e6 3. Nc3 Bb4 4. e3 c6 5. Bd3 O-O 6. Ne2 Re8 7. a3 Ba5 8. b4 Bc7 9. e4 e5 10. d5 a5 11. Rb1 axb4 12. axb4 Na6 13. O-O d6 14.
dxc6 bxc6 15. b5 cxb5 16. cxb5 Nc5 17. Bc4 Be6 18. Bxe6 fxe6 19. Bg5 Rb8 20. f3 h6 21.
Bh4 g5 22. Bf2 Bb6 23. Nc1 d5 24. Nd3 Nxd3 25. Qxd3 d4 26. Na4 Nd7 27. Rfc1 Ra8 28. Qc4 Ba5 29. Qb3 Rc8 30. Rc6 Nf8 31. Rbc1 Rb8 32.
Nc5 Bc3 33. Nxe6 Nxe6 34. Rxe6 Kg7 35. Rxe8 Qxe8 36. b6 Qc6 0-1